Map: Romanticide LE

Players

Lilbow - Winner!

  • Race: Protoss Protoss
  • League: Grandmaster
  • Spawn Location: 11:00

CuKu

  • Race: Terran Terran
  • League: Bronze
  • Spawn Location: 5:00

VOD

Have the link to the VOD?

Description

Time

  • Played on: April 2, 2021, 10:42 a.m.
  • Length: 8:39
Show
View Real Time Build Order
Export as new Build Order

Lilbow Protoss - Winner!

Build Orders: 1 Gate Expand, Blink Stalkers 

Get SALT Encoding   

  12  0:00  Probe  
  13  0:12  Probe  
  14  0:17  Pylon  
  14  0:24  Probe (Chrono Boost)  
  15  0:36  Probe (Chrono Boost)  
  15  0:38  Gateway  
  16  0:45  Probe (Chrono Boost)  
  16  0:46  Assimilator  
  17  0:51  Probe  
  18  1:03  Probe  
  19  1:15  Probe  
  20  1:25  Cybernetics Core  
  20  1:33  Nexus  
  20  1:36  Probe  
  21  1:41  Pylon  
  21  1:49  Assimilator  
  21  1:50  Probe  
  22  1:58  Stalker (Chrono Boost)  
  22  2:02  Probe  
  22  2:04  Warp Gate  
  25  2:14  Probe  
  26  2:18  Stalker (Chrono Boost)  
  28  2:26  Probe  
  29  2:39  Twilight Council  
  29  2:41  Probe (Chrono Boost)  
  30  2:45  Probe (Chrono Boost)  
  32  2:55  Probe x2 (Chrono Boost)  
  32  2:56  Robotics Facility  
  33  3:00  Probe (Chrono Boost)  
  33  3:03  Probe  
  35  3:10  Gateway  
  35  3:11  Probe  
  36  3:15  Probe, Gateway  
  36  3:19  Blink (Chrono Boost)  
  37  3:24  Probe  
  38  3:27  Probe  
  38  3:32  Pylon  
  39  3:36  Probe  
  39  3:37  Gateway  
  40  3:41  Probe  
  40  3:43  Observer (Chrono Boost)  
  40  3:48  Probe  
  43  3:50  Assimilator  
  43  3:53  Probe  
  44  4:00  Probe  
  44  4:01  Warp Prism (Chrono Boost)  
  47  4:03  Stalker  
  47  4:05  Stalker  
  47  4:08  Probe  
  52  4:11  Pylon  
  52  4:14  Probe  
  53  4:30  Observer, Stalker x2  
  53  4:31  Stalker x2  
  59  4:35  Pylon  
  59  4:37  Assimilator  
  59  4:38  Probe  
  62  4:39  Observer  
  62  4:45  Observer  
  62  4:56  Stalker x4  
  70  5:08  Observer  
  70  5:10  Probe  
  69  5:19  Forge  
  69  5:20  Robotics Bay  
  70  5:24  Pylon, Probe  
  70  5:26  Charge  
  70  5:40  Pylon  
  70  5:43  Protoss Ground Weapons Level 1  
  70  5:45  Nexus  
  70  5:57  Pylon  
  69  6:07  Colossus  
  69  6:10  Extended Thermal Lance (Chrono Boost)  
  75  6:14  Zealot  
  75  6:15  Zealot x3  
  83  6:19  Pylon  
  83  6:21  Probe x2  
  85  6:33  Probe  
  85  6:35  Zealot x4  
  94  6:48  Probe x2  
  94  6:50  Pylon  
  94  6:51  Pylon  
  96  6:55  Gateway  
  96  6:57  Gateway  
  96  6:58  Colossus (Chrono Boost)  
  101  7:08  Probe x3  
  101  7:11  Sentry x2, Zealot  
  101  7:12  Zealot  
  111  7:17  Pylon  
  111  7:20  Probe x2  
  111  7:21  Probe  
  114  7:32  Pylon, Probe  
  114  7:33  Probe x2  
  117  7:41  Sentry, Colossus (Chrono Boost)  
  117  7:42  Zealot x2  
  129  7:46  Zealot  
  129  7:51  Templar Archives  
  129  8:02  Zealot x4  
  137  8:05  Zealot  
  137  8:06  Zealot  
  137  8:11  Pylon  
  141  8:22  Pylon  
  141  8:23  Zealot x4  
  133  8:34  Zealot x2  
Show
View Real Time Build Order
Export as new Build Order

CuKu Terran 

Build Orders:  

Get SALT Encoding   

  12  0:00  SCV  
  13  0:13  SCV  
  14  0:18  Supply Depot  
  14  0:25  SCV  
  15  0:40  SCV  
  15  0:42  Barracks  
  16  0:46  Refinery  
  16  0:52  SCV  
  17  1:05  SCV  
  18  1:30  Barracks Reactor, Orbital Command  
  18  1:38  Command Center  
  18  1:52  Supply Depot  
  18  1:55  SCV  
  19  2:07  Factory  
  19  2:09  Marine x2  
  19  2:12  SCV  
  22  2:23  Bunker  
  22  2:25  SCV  
  22  2:27  Marine  
  22  2:28  Marine  
  25  2:36  Barracks  
  25  2:39  SCV  
  26  2:46  Refinery  
  26  2:49  Marine x2  
  28  2:54  SCV  
  28  2:57  Factory Tech Lab  
  29  3:03  SCV  
  30  3:09  Marine x2  
  32  3:13  SCV  
  32  3:16  Orbital Command  
  33  3:23  Siege Tank  
  33  3:26  Barracks Tech Lab  
  36  3:30  Marine x2  
  36  3:33  SCV  
  39  3:41  Supply Depot  
  39  3:42  SCV  
  39  3:45  SCV  
  41  3:49  Marine x2  
  41  3:53  Marine  
  41  3:54  SCV  
  45  3:57  SCV  
  45  3:58  Stimpack  
  46  4:03  Siege Tank  
  46  4:07  SCV  
  50  4:11  Supply Depot, Marine  
  50  4:12  Marine  
  50  4:14  Marine  
  53  4:19  SCV  
  54  4:26  SCV  
  54  4:32  Marine  
  54  4:33  SCV  
  54  4:34  Supply Depot  
  54  4:35  Marine x2  
  58  4:39  Siege Tank  
  58  4:41  SCV  
  62  4:49  Bunker  
  62  4:50  Bunker  
  62  4:55  Marine x2  
  62  4:57  Supply Depot  
  66  5:00  SCV, Marauder  
  66  5:04  Barracks, SCV  
  68  5:13  Marine x2  
  68  5:19  Siege Tank  
  68  5:20  Marine  
  72  5:23  Bunker, SCV  
  73  5:31  Marine  
  73  5:37  SCV  
  73  5:38  SCV  
  73  5:39  Supply Depot  
  75  5:43  Supply Depot  
  75  5:45  Marauder  
  75  5:47  Marine  
  75  5:48  Combat Shield  
  77  6:05  Starport, SCV  
  77  6:06  SCV  
  75  6:15  Factory Reactor  
  75  6:17  SCV  
  75  6:18  SCV  
  77  6:28  Marine  
  77  6:29  Marauder, SCV, Marine  
  77  6:30  SCV  
  78  6:41  SCV  
  78  6:42  SCV  
  78  6:44  Marauder  
  82  6:51  Marauder  
  82  6:53  SCV  
  85  6:54  SCV  
  85  6:57  Medivac  
  85  6:58  Medivac, Barracks  
  85  6:59  Barracks  
  85  7:00  Factory Reactor  
  89  7:06  SCV x2  
  89  7:07  Marine x2  
  92  7:12  Marine x2  
  92  7:13  Supply Depot  
  94  7:17  Supply Depot  
  94  7:18  SCV x2  
  96  7:25  Marine x2  
  98  7:30  SCV, Marine, Marauder  
  102  7:39  Widow Mine x2  
  102  7:43  Medivac x2, Marine x2  
  111  7:46  Marine  
  111  7:47  Marine  
  111  7:48  Marauder  
  115  7:51  Marine  
  114  8:00  Widow Mine, Marine  
  114  8:01  Marine  
  118  8:26  Supply Depot  
  126  8:27  Supply Depot  
Tags
 
Add a new tag
Caveats
  • Supply blocks, unpowered buildings, or Contaminate may cause inaccurate times.
  • Supply counts are checked every 10 seconds.